 Dungeon Crawl Stone Soup version 0.26.1-2-gb8aa6d0cf2 (webtiles) character file.

Game seed: 7207327937392298957

442140 Electrofox the Shatterer (level 23, -2/327 (330) HPs)
             Began as a Minotaur Berserker on Mar 14, 2021.
             Was the Champion of Trog.
             Slain by a quicksilver dragon (10 damage)
             ... on level 4 of the Vaults on Mar 20, 2021.
             The game lasted 07:27:17 (63431 turns).

Electrofox the Shatterer (Minotaur Berserker)      Turns: 63431, Time: 07:27:19

HP:   -2/327 (330)  AC: 42    Str: 24    XL:     23   Next: 4%
MP:   22/22         EV: 12    Int:  9    God:    Trog [******]
Gold: 5853          SH: 20    Dex: 11    Spells: 22/22 levels left

rFire    + . .     SeeInvis +   D - +6 eveningstar (flame)
rCold    + . .     Faith    .   s - +0 kite shield
rNeg     . . .     Spirit   .   V - +5 gold dragon scales
rPois    +         Reflect  +   K - +2 hat
rElec    +         Harm     .   l - +2 cloak
rCorr    .         Rampage  .   Q - +2 pair of gloves
Will     ++++.                  h - +2 pair of boots {Fly}
Stlth    ..........             N - amulet of reflection
HPRegen  1.64/turn              P - ring "Hemod" {+Blink rElec Will+ Dex-2 Stlth-}
MPRegen  0.18/turn              I - ring of see invisible

@: berserking (expiring), very slightly contaminated, regenerating, hasted,
lightly drained, invisible, very quick
A: retaliatory headbutt, horns 2
}: 2/15 runes: barnacled, gossamer
a: Renounce Religion, Evoke Blink, Evoke Flight, Berserk, Trog's Hand, Brothers
in Arms


You were on level 4 of the Vaults.
You worshipped Trog.
Trog was exalted by your worship.
You visited 8 branches of the dungeon, and saw 40 of its levels.
You visited the Abyss 1 time.
You also visited: Gauntlet and Ice Cave.

You collected 6043 gold pieces.
You spent 190 gold pieces at shops.

Inventory:

Hand Weapons
 a - a +6 demon trident of electrocution
 b - the +10 hunting sling of Exhibitionism {venom, Stlth+}
   (You bought it in a shop on level 3 of the Vaults)

   It poisons the ammo it fires.
   It makes you more stealthy.
 n - the +4 morningstar of Guxzomm {holy, rC+ Will+ Str+3}
   (You found it in a Gauntlet)

   It has been blessed by the Shining One to cause great damage to the undead
   and demons.
   It affects your strength (+3).
   It protects you from cold.
   It affects your willpower, your defense against some magical effects.
 D - a +6 eveningstar of flaming (weapon)
 J - a +6 hunting sling of freezing
Missiles
 o - 210 sling bullets
 A - 34 javelins (quivered)
 O - 34 silver javelins
 U - a poisoned dart
Armour
 h - a +2 pair of boots of flying (worn)
 l - a +2 cloak (worn)
 s - a +0 kite shield (worn)
 K - a +2 hat (worn)
 Q - a +2 pair of gloves (worn)
 V - +5 gold dragon scales (worn)
Jewellery
 I - a ring of see invisible (right hand)
 L - the ring "Xazyttah" {Str+4 Slay+4}
   (You found it in a Gauntlet)

   [ring of slaying]

   It affects your strength (+4).
   It affects your accuracy and damage with ranged weapons and melee attacks
   (+4).
 N - an amulet of reflection (around neck)
 P - the ring "Hemod" (left hand) {+Blink rElec Will+ Dex-2 Stlth-}
   (You took it off a minotaur in a Gauntlet)

   [ring of willpower]

   It affects your dexterity (-2).
   It insulates you from electricity.
   It affects your willpower, your defense against some magical effects.
   It lets you blink.
   It makes you less stealthy.
Wands
 j - a wand of flame (25)
 k - a wand of paralysis (15)
 w - a wand of acid (37)
 z - a wand of enslavement (32)
 M - a wand of disintegration (21)
 R - a wand of iceblast (21)
 T - a wand of polymorph (26)
Scrolls
 c - 18 scrolls of remove curse
 e - 5 scrolls of blinking
 p - 13 scrolls of enchant weapon
 q - a scroll of brand weapon
 t - 4 scrolls of fog
 u - 7 scrolls of identify
 x - 2 scrolls of magic mapping
 y - 17 scrolls of teleportation
 B - 7 scrolls of immolation
 E - 9 scrolls of fear
 G - a scroll of summoning
Potions
 d - 7 potions of haste
 f - 8 potions of heal wounds
 g - 19 potions of curing
 i - 11 potions of lignification
 m - 4 potions of might
 C - 2 potions of resistance
 F - 3 potions of invisibility
 X - a potion of cancellation
 Y - 6 potions of ambrosia
Miscellaneous
 r - a tin of tremorstones (2/2)
 S - a phantom mirror
 Z - a condenser vane


   Skills:
 - Level 21.0 Fighting
 - Level 11.0(18.6) Axes
 - Level 21.2(22.0) Maces & Flails
 - Level 12.4(14.0) Polearms
 - Level 10.0 Slings
 - Level 21.0 Armour
 + Level 14.9 Dodging
 - Level 17.2 Shields
 + Level 13.5 Evocations


You had 22 spell levels left.
You didn't know any spells.
Your spell library was empty.

Dungeon Overview and Level Annotations

Branches:
Dungeon (15/15)            Temple (0/1) D:4            Lair (6/6) D:9
 Shoals (4/4) Lair:3       Spider (4/4) Lair:2        Slime (0/5) Lair:5
    Orc (2/2) D:12            Elf (3/3) Orc:2        Vaults (5/5) D:13
  Crypt (1/3) Vaults:3     Depths (0/5) D:15          IceCv (visited)
Gauntlet (visited)

Altars:
Dithmenos
Fedhas
Gozag
Hepliaklqana
Kikubaaqudgha
Makhleb
Okawaru
Qazlal
Ru
Sif Muna
Trog
Vehumet
Wu Jian
Xom
Yredelemnul
Zin

Shops:
D:7 ?   D:9 (   D:11 *   Orc:2 (!!(   Elf:2 ?   Shoals:1 :   Shoals:4 *
Vaults:3 (   Vaults:4 [

Annotations:
Lair:6 exclusion: orange crystal statue
Spider:1 2 transporters, exclusion: orange crystal statue
Vaults:4 8 runed translucent doors, exclusion: 8 doors, Tang's ghost, master DsGl


Innate Abilities, Weirdness & Mutations

You reflexively headbutt those who attack you in melee.
You have a pair of horns on your head.


Message History

The ancient lich touches you but does no damage.
The titan waves its arms in wide circles.
The air twists around and strikes you.
* * * LOW HITPOINT WARNING * * *
You puncture the ancient lich! You burn the ancient lich.
You destroy the ancient lich!
Trog accepts your kill.
Trog appreciates your killing of a magic user.
The quicksilver dragon completely misses you.
You block the quicksilver dragon's attack.
You block the sphinx's attack. The sphinx barely misses you.
You block the sphinx's attack.
You have reached level 23!
You hit the shadow dragon. You burn the shadow dragon.
The shadow dragon is moderately wounded.
You block the shadow dragon's attack. x2
The shadow dragon claws you but does no damage.
The frost giant hits you but does no damage.
The quicksilver dragon bites you!
You die...

###################
#.......##........#
#.#...#.##........#
#....[..##........# #####
#.......##........# ####....
#.......##.DD)....# #..####.
#.#...#.##.)@H....# #.....#.
#.......##.CC?....# ###.##...
######'######........# #.#.###..
#...........#........# #.#..###.
#.)....∩....#........# #.##.[###
#)..........'.......<# #....)>#
#)..........######'#'###.##.)###
#...........# #.......##.#.[###.
#...........# #.......##.#.###..


You could see a shadow dragon, a titan, a frost giant, a quicksilver dragon and
a sphinx.

Vanquished Creatures
  2 ancient liches
  Mara (Elf:3)
  Boris (twice) (Vaults:3 Vaults:4)
  Xtahua (Vaults:2)
  Margery (Vaults:2)
  3 golden dragons
  Nikola (Spider:4)
  Rupert (Orc:2)
  2 deep elf blademasters (Elf:3)
  Asterion (Elf:2)
  2 deep elf master archers (Elf:3)
  3 sphinxes
  A titan (Vaults:5)
  The ghost of Paulthewizard the Sorcerer, an adept SpVM of Vehumet (Shoals:4)
  A quicksilver dragon (Vaults:4)
  A shadow dragon (Vaults:4)
  A tengu reaver (Vaults:4)
  3 krakens
  Kirke (Spider:4)
  Donald (Shoals:2)
  2 iron dragons (Vaults:4)
  6 emperor scorpions
  5 frost giants
  11 deep elf sorcerers
  Aizul (Elf:3)
  A ghost moth (shapeshifter) (Vaults:4)
  Louise (Spider:4)
  A ghoul (Vaults:1)
  10 vault wardens
  4 ghost moths (Spider:4)
  16 ironheart preservers
  2 deep elf elementalists (Elf:3)
  9 stone giants
  3 very ugly things
  3 war gargoyles
  10 deep elf annihilators
  5 deep elf demonologists
  4 entropy weavers
  Nessos (Lair:6)
  Azrael (D:12)
  A minotaur (Gauntlet)
  2 dire elephants
  2 spark wasps (Spider:3)
  3 merfolk javelineers
  6 ettins
  6 deep elf death magi
  11 yaktaur captains
  A crystal guardian (Vaults:4)
  10 merfolk impalers
  2 fire dragons
  4 great orbs of eyes
  4 deep elf high priests
  9 hydras
  12 boulder beetles
  26 vault guards
  2 ice dragons
  Harold (D:11)
  4 merfolk avatars
  3 alligator snapping turtles
  4 merfolk aquamancers
  3 death knights
  2 catoblepae
  4 satyrs
  25 dancing weapons
  16 ogre magi
  A queen ant (Spider:1)
  6 centaur warriors
  52 two-headed ogres
  A tengu warrior (D:13)
  2 deep troll earth magi
  8 death yaks
  2 small abominations
  4 hell knights (Vaults:2)
  An orc high priest (Elf:2)
  17 deep elf knights
  5 unseen horrors
  11 skeletal warriors
  A death drake (shapeshifter) (Vaults:4)
  18 deep trolls
  2 shadow wraiths
  12 sea snakes
  2 glowing orange brains
  An obsidian statue (Shoals:4)
  2 wizards (D:11)
  12 ironbrand convokers
  15 deep elf archers
  Pikel (D:7)
  10 harpies
  4 necromancers
  10 orc knights
  A mana viper (shapeshifter) (D:14)
  24 ugly things
  28 wolf spiders
  12 manticores
  17 orb spiders
  62 deep elf magi
  2 orc sorcerers
  3 oklob plants (Lair:3)
  3 moths of wrath
  A salamander (D:15)
  12 cyclopes
  10 fauns
  2 salamanders (shapeshifter)
  9 elephants
  4 black mambas
  9 merfolk sirens
  A black mamba (shapeshifter) (D:15)
  2 torpor snails
  4 ice statues (IceCv)
  13 cane toads
  8 water nymphs
  8 vault sentinels
  A gargoyle (D:13)
  2 kobold demonologists (D:15)
  17 komodo dragons
  7 freezing wraiths
  35 yaktaurs
  2 yaktaurs (shapeshifter)
  6 rime drakes
  10 ice devils (IceCv)
  12 demonic crawlers
  A troll (shapeshifter) (Vaults:1)
  4 polar bears
  A merfolk (shapeshifter) (D:15)
  A meliai (shapeshifter) (Vaults:2)
  11 trolls
  30 jumping spiders
  A wind drake (shapeshifter) (D:15)
  8 wind drakes
  38 merfolk
  13 hornets
  3 meliai (Gauntlet)
  A hornet (shapeshifter) (Vaults:3)
  A tengu simulacrum (Vaults:3)
  35 slime creatures
  12 blink frogs
  10 snapping turtles
  6 dream sheep
  3 centaur simulacra
  3 air elementals (Elf:2)
  4 shadows
  51 redbacks
  Sigmund (D:6)
  33 tarantellas
  7 wyverns
  4 wraiths
  7 water elementals
  22 yaks
  4 basilisks
  A hog (Spider:4)
  A golden eye (shapeshifter) (Vaults:1)
  6 fire elementals
  5 vampire mosquitoes
  A redback simulacrum (D:15)
  6 soldier ants (Spider:1)
  6 wargs
  19 water moccasins
  A warg (shapeshifter) (Vaults:4)
  2 acid dragons
  5 hell hounds (D:12)
  A floating eye (shapeshifter) (Vaults:5)
  28 orc warriors
  A deep troll skeleton (Vaults:1)
  A meliai simulacrum (D:15)
  4 black bears
  2 eyes of draining (shapeshifter)
  A phantom (D:12)
  12 ice beasts
  6 sky beasts
  65 ogres
  13 wolves
  4 lemures (D:7)
  16 centaurs
  3 big kobolds
  Blork the orc (D:6)
  23 bullfrogs
  A deep troll simulacrum (Vaults:3)
  2 earth elementals
  2 human skeletons (Vaults:1)
  A hornet simulacrum (D:15)
  8 scorpions
  3 killer bees (D:9)
  An orc simulacrum (Vaults:2)
  9 wights
  A human simulacrum (Vaults:3)
  6 electric eels
  2 howler monkeys
  2 draconian simulacra (IceCv)
  4 lava snakes
  4 jellies
  4 bullfrog skeletons
  7 hounds
  20 orc wizards
  6 centaur skeletons
  20 orc priests
  6 iguanas
  30 worker ants
  A troll simulacrum (IceCv)
  A spriggan simulacrum (IceCv)
  A hound zombie (D:10)
  3 worker ant zombies
  Robin (D:3)
  3 gnolls (D:7)
  16 adders
  4 naga simulacra (IceCv)
  2 ogre simulacra
  A white imp (D:9)
  An ufetubus (D:6)
  4 oozes
  An adder skeleton (D:9)
  3 worms
  A dart slug (D:1)
  5 leopard geckos
  95 orcs
  5 giant cockroaches
  11 goblins
  13 hobgoblins
  6 jackals
  11 kobolds
  5 quokkas
  A ball python (D:1)
  13 bats
  7 frilled lizards
  A leopard gecko skeleton (D:6)
  A quokka skeleton (D:7)
  A quokka zombie (D:8)
  7 rats
  2 crawling corpses (Vaults:4)
  10 tentacles
1741 creatures vanquished.

Vanquished Creatures (collateral kills)
  Polyphemus (Shoals:2)
  Ilsuiw (Shoals:2)
  2 deep elf annihilators (Elf:3)
  A yaktaur captain (Vaults:5)
  4 merfolk sirens (Shoals:2)
  A merfolk (Shoals:2)
10 creatures vanquished.

Vanquished Creatures (others)
  A two-headed ogre (Vaults:1)
  A deep elf mage (Vaults:1)
  An orb spider (Spider:4)
  A demonic crawler (Spider:4)
  4 humans (Spider:4)
  A redback (Spider:4)
  An orc warrior (Vaults:5)
  62 fungi
  102 plants
  24 tentacles
  19 withered plants (Gauntlet)
217 creatures vanquished.

Grand Total: 1968 creatures vanquished

Notes
Turn   | Place    | Note
-------+----------+-------------------------------------------
     0 | D:1      | Electrofox the Minotaur Berserker began the quest for the
                  | Orb.
     0 | D:1      | Reached XP level 1. HP: 19/19 MP: 0/0
   271 | D:1      | Reached XP level 2. HP: 26/26 MP: 1/1
  1119 | D:2      | Reached skill level 5 in Axes
  1444 | D:2      | Reached XP level 3. HP: 31/31 MP: 2/2
  1563 | D:2      | Reached ** piety under Trog
  2035 | D:2      | Reached skill level 1 in Maces & Flails
  2383 | D:3      | Found a basalt altar of Yredelemnul.
  2437 | D:3      | Reached XP level 4. HP: 28/39 MP: 3/3
  2778 | D:3      | Found a shimmering blue altar of Sif Muna.
  2878 | D:3      | Reached XP level 5. HP: 45/45 MP: 4/4
  3049 | D:3      | Found an iron altar of Okawaru.
  3053 | D:3      | Found a burning altar of Makhleb.
  3053 | D:3      | Found a sacrificial altar of Ru.
  3093 | D:3      | Noticed Robin
  3110 | D:3      | Killed Robin
  3127 | D:3      | Reached skill level 5 in Maces & Flails
  3269 | D:3      | Found an ancient bone altar of Kikubaaqudgha.
  3271 | D:3      | Found a shadowy altar of Dithmenos.
  3275 | D:3      | Found a bloodstained altar of Trog.
  3754 | D:4      | Reached *** piety under Trog
  3819 | D:4      | Found a staircase to the Ecumenical Temple.
  3838 | D:4      | Reached XP level 6. HP: 51/51 MP: 5/5
  4358 | D:4      | Found a glowing silver altar of Zin.
  4364 | D:4      | You fall into a shaft and drop 1 floor!
  4364 | D:5      | Entered Level 5 of the Dungeon
  5004 | D:5      | Reached XP level 7. HP: 57/57 MP: 6/6
  5104 | D:5      | Found a sacrificial altar of Ru.
  5304 | D:5      | Found a hazy altar of Hepliaklqana.
  5497 | D:5      | Found an ornate altar of the Wu Jian Council.
  6354 | D:6      | Noticed Sigmund
  6365 | D:6      | Killed Sigmund
  6432 | D:6      | Reached skill level 10 in Maces & Flails
  6432 | D:6      | Reached XP level 8. HP: 64/64 MP: 7/7
  6454 | D:6      | Found a stormy altar of Qazlal.
  6714 | D:6      | Noticed Blork the orc
  6722 | D:6      | Killed Blork the orc
  6963 | D:7      | Got a faintly glowing robe
  6968 | D:7      | Found Wastrukhli's Magic Scroll Boutique.
  7058 | D:7      | Reached **** piety under Trog
  7279 | D:7      | Identified the +1 robe of Whack-A-Mole {rN+ Str-4 Dex+7
                  | Stlth+} (You found it on level 7 of the Dungeon)
  7347 | D:7      | Reached skill level 5 in Fighting
  7583 | D:7      | Noticed Pikel
  7666 | D:7      | Killed Pikel
  7667 | D:7      | Reached skill level 5 in Armour
  7667 | D:7      | Reached XP level 9. HP: 69/78 MP: 8/8
  8601 | D:8      | Found a blossoming altar of Fedhas.
  9068 | D:8      | Reached ***** piety under Trog
  9328 | D:9      | Noticed a troll
  9342 | D:9      | Killed a troll
  9343 | D:9      | Reached XP level 10. HP: 91/91 MP: 9/9
  9615 | D:9      | Found Sileubbyle's Weapon Shoppe.
  9812 | D:9      | Found a staircase to the Lair.
 10096 | D:9      | Reached skill level 10 in Fighting
 10148 | D:9      | Noticed a two-headed ogre
 10157 | D:9      | Killed a two-headed ogre
 10158 | D:9      | Reached skill level 10 in Armour
 10614 | D:10     | Entered Level 10 of the Dungeon
 10616 | D:10     | Noticed a two-headed ogre
 11180 | D:10     | Killed a two-headed ogre
 11402 | D:10     | Reached XP level 11. HP: 104/104 MP: 10/10
 11481 | D:10     | Noticed a two-headed ogre
 11490 | D:10     | Killed a two-headed ogre
 11657 | D:10     | Got a warped chain mail
 11660 | D:10     | Identified the cursed +1 chain mail "Emoxoyn" {rC++ Slay+3
                  | Stlth+} (You found it on level 10 of the Dungeon)
 11872 | D:11     | Found a gate leading to a gauntlet.
 11885 | Gauntlet | Entered a Gauntlet
 11885 | Gauntlet | Found a transporter.
 11888 | Gauntlet | Found a transporter.
 11888 | Gauntlet | Noticed a death scarab
 11888 | Gauntlet | Noticed a death scarab
 11889 | Gauntlet | Found a transporter.
 11893 | Gauntlet | Found a transporter.
 11895 | Gauntlet | Noticed a glowing orange brain
 11898 | Gauntlet | Noticed a white ugly thing
 11899 | Gauntlet | Noticed a dire elephant
 11901 | Gauntlet | Found a transporter.
 11902 | Gauntlet | Found a transporter.
 11904 | Gauntlet | Found the +2 ratskin cloak {*Rats rPois rN+ Str-1 Int-1
                  | Dex+1}
 11904 | Gauntlet | Noticed a glowing orange brain
 11905 | Gauntlet | Found a transporter.
 11922 | Gauntlet | Found a transporter.
 11939 | Gauntlet | Found a transporter.
 11943 | Gauntlet | Found a transporter.
 11948 | Gauntlet | Noticed an obsidian statue
 11952 | Gauntlet | Found a transporter.
 11976 | Gauntlet | Found a transporter.
 12161 | Gauntlet | Got an ancient wooden ring
 12165 | Gauntlet | Got a steaming morningstar
 12167 | Gauntlet | Identified the +4 morningstar of Guxzomm {holy, rC+ Will+
                  | Str+3} (You found it in a Gauntlet)
 12168 | Gauntlet | Identified the ring "Xazyttah" {Str+4 Slay+4} (You found it
                  | in a Gauntlet)
 12247 | Gauntlet | Killed a dire elephant
 12316 | Gauntlet | Identified the ring "Hemod" {+Blink rElec Will+ Dex-2
                  | Stlth-}
 12316 | Gauntlet | Noticed a minotaur
 12331 | Gauntlet | Killed a minotaur
 12850 | D:11     | Found Sofraig's Assorted Antiques.
 12853 | D:11     | Bought a scroll labelled JASUENKI QAES for 17 gold pieces
 12853 | D:11     | Bought a scroll labelled BUEMES TUCE for 17 gold pieces
 13412 | D:11     | Noticed Harold
 13420 | D:11     | Killed Harold
 13562 | D:11     | Noticed a brown ugly thing
 13563 | D:11     | Noticed a red ugly thing
 13564 | D:11     | Noticed a cyan ugly thing
 13571 | D:11     | Noticed a red ugly thing
 13574 | D:11     | Killed a brown ugly thing
 13577 | D:11     | Killed a red ugly thing
 13578 | D:11     | Reached XP level 12. HP: 115/115 MP: 11/11
 13716 | D:11     | Noticed a brown very ugly thing
 13731 | D:11     | Killed a brown very ugly thing
 14458 | D:12     | Got a twisted mace
 14499 | D:12     | Reached ****** piety under Trog
 14776 | D:12     | Found a staircase to the Orcish Mines.
 14777 | D:12     | Got a bound golden ring
 14805 | D:12     | You fall into a shaft and drop 3 floors!
 14805 | D:15     | Entered Level 15 of the Dungeon
 14815 | D:15     | Reached skill level 5 in Shields
 14899 | D:15     | Noticed a two-headed ogre
 14907 | D:15     | a two-headed ogre changed into a merfolk
 14913 | D:15     | Found a frozen archway.
 15037 | IceCv    | Entered an ice cave
 15212 | IceCv    | Got an ancient chain mail
 15220 | IceCv    | Got a pitted ring mail
 15229 | IceCv    | Reached skill level 10 in Shields
 15534 | D:14     | Reached XP level 13. HP: 122/122 MP: 12/12
 16327 | D:12     | Received a gift from Trog
 16633 | D:12     | Noticed Azrael
 16644 | D:12     | Killed Azrael
 17457 | D:13     | Found a gate to the Vaults.
 17497 | D:13     | Found a shimmering altar of Xom.
 17588 | D:13     | Got a fine ring mail
 17783 | D:13     | Reached skill level 15 in Shields
 18642 | D:14     | Reached XP level 14. HP: 121/129 MP: 13/13
 18753 | D:14     | Received a gift from Trog
 19380 | D:15     | Identified the ring "Joalouq" {*Tele +Blink rF- Int+8 Dex-5
                  | Slay+5} (You found it on level 12 of the Dungeon)
 19384 | D:15     | Identified the +5 chain mail "Xumoc" {rF+ rC+ Str-2} (You
                  | found it in an ice cave)
 19386 | D:15     | Identified the +4 ring mail "Ragion" {rF+ rC- Will+ Int+3
                  | Dex+2} (You found it on level 13 of the Dungeon)
 19628 | D:15     | Reached skill level 5 in Dodging
 19640 | D:15     | Found a staircase to the Depths.
 19908 | D:15     | Received a gift from Trog
 20559 | Lair:1   | Entered Level 1 of the Lair of Beasts
 21799 | Lair:2   | Found a hole to the Spider Nest.
 22499 | Lair:3   | Identified the +2 ring mail of Lifelessness {-Cast Regen+
                  | Int+8} (You found it in an ice cave)
 22641 | Lair:3   | Found a staircase to the Shoals.
 23043 | Lair:4   | Received a gift from Trog
 23194 | Lair:4   | Reached XP level 15. HP: 139/139 MP: 14/14
 24608 | Lair:5   | Found a staircase to the Slime Pits.
 25232 | Lair:6   | Entered Level 6 of the Lair of Beasts
 25787 | Lair:6   | Noticed Nessos
 25803 | Lair:6   | Killed Nessos
 25804 | Lair:6   | Reached skill level 10 in Dodging
 26055 | Lair:6   | Received a gift from Trog
 26806 | Lair:6   | Reached skill level 15 in Fighting
 27659 | Orc:1    | Entered Level 1 of the Orcish Mines
 27835 | Orc:2    | Entered Level 2 of the Orcish Mines
 27917 | Orc:2    | Found Zesut's Distillery.
 27917 | Orc:2    | Found Cewoxaosm's Weapon Boutique.
 27929 | Orc:2    | Found a staircase to the Elven Halls.
 28132 | Orc:1    | Reached skill level 15 in Armour
 28322 | Orc:2    | Reached skill level 1 in Evocations
 28542 | Orc:2    | Received a gift from Trog
 28834 | Orc:2    | Found Kuigri Tomu's Distillery.
 28838 | Orc:2    | Noticed Rupert
 28852 | Orc:2    | Killed Rupert
 28952 | Orc:2    | Found Mupymisu's Antique Weapon Boutique.
 29523 | Orc:1    | Found a radiant altar of Vehumet.
 29576 | Orc:1    | Reached XP level 16. HP: 149/149 MP: 15/15
 29851 | Elf:1    | Entered Level 1 of the Elven Halls
 30132 | Elf:1    | Received a gift from Trog
 30326 | Elf:1    | Cast into level 2 of the Abyss (+2 halberd of distortion)
 30330 | Elf:1    | Escaped the Abyss
 31073 | Elf:1    | Reached skill level 5 in Evocations
 31091 | Elf:1    | HP: 6/151 [deep elf annihilator/iron shot (66)]
 31774 | Shoals:1 | Entered Level 1 of the Shoals
 31941 | Shoals:1 | Reached skill level 1 in Slings
 32455 | Shoals:1 | Found Siunang's Book Boutique.
 32875 | Shoals:1 | Reached skill level 5 in Slings
 33167 | Shoals:2 | Received a gift from Trog
 33209 | Shoals:2 | Noticed Polyphemus
 33237 | Shoals:2 | Noticed Ilsuiw
 34284 | Shoals:2 | Noticed Donald
 34311 | Shoals:2 | Killed Donald
 34349 | Shoals:2 | Killed Ilsuiw
 34376 | Shoals:2 | Killed Polyphemus
 34377 | Shoals:2 | Reached XP level 17. HP: 106/158 MP: 16/16
 35716 | Shoals:3 | Noticed a kraken
 35732 | Shoals:3 | Killed a kraken
 35988 | Shoals:3 | Noticed a kraken
 36009 | Shoals:3 | Killed a kraken
 36010 | Shoals:3 | Reached skill level 10 in Slings
 36171 | Shoals:4 | Entered Level 4 of the Shoals
 36268 | Shoals:4 | Found Xadwy's Assorted Antiques.
 36312 | Shoals:4 | Received a gift from Trog
 36315 | Shoals:4 | Noticed a kraken
 36788 | Shoals:4 | Found a runed translucent gate.
 36788 | Shoals:4 | Found a runed translucent gate.
 36788 | Shoals:4 | Found a runed translucent gate.
 36789 | Shoals:4 | Found an opulent altar of Gozag.
 36791 | Shoals:4 | Found Tuoxteti's Assorted Antiques.
 36791 | Shoals:4 | Noticed Paulthewizard's ghost (adept SpVM)
 37395 | Shoals:4 | Killed a kraken
 37396 | Shoals:4 | Reached skill level 10 in Evocations
 37417 | Shoals:4 | Got a barnacled rune of Zot
 37525 | Shoals:4 | Got a slimy trident
 37528 | Shoals:4 | Identified the +7 trident "Fimuf" {drain, Dex+5} (You found
                  | it on level 4 of the Shoals)
 37657 | Shoals:4 | Identified the +10 plate armour of Recklessness {rC+ Int+2
                  | Dex+6 Stlth-}
 37681 | Shoals:4 | Identified the +7 battleaxe "Undertaker" {pain, rF+}
 38704 | Lair:3   | Got a warped silver ring
 38718 | Lair:3   | Identified the ring of Bepsediak {Fire Str-3 Int+4 SInv}
                  | (You found it on level 3 of the Lair of Beasts)
 39217 | Elf:1    | Received a gift from Trog
 39277 | Elf:1    | Reached skill level 15 in Maces & Flails
 39709 | Elf:1    | Found the +3 robe of Folly {Archmagi, Will-- Int+5}
 39828 | Elf:2    | Reached XP level 18. HP: 138/166 MP: 17/17
 39912 | Elf:2    | Found Xootacs's Magic Scroll Boutique.
 39929 | Elf:2    | Got a bone broad axe
 39933 | Elf:2    | Identified the +9 broad axe of Qibymnefo {pain, +Blink
                  | rElec Str+5} (You found it on level 2 of the Elven Halls)
 40250 | Elf:2    | Noticed Asterion
 40261 | Elf:2    | Killed Asterion
 40683 | Elf:2    | Received a gift from Trog
 41221 | Elf:2    | Found a runed translucent gate.
 41221 | Elf:2    | Found a runed translucent gate.
 41221 | Elf:2    | Found a runed translucent gate.
 41272 | Elf:3    | Entered Level 3 of the Elven Halls
 41672 | Elf:3    | Noticed Mara
 41681 | Elf:3    | Noticed Electrofox's illusion
 41699 | Elf:3    | Killed Mara
 42292 | Elf:3    | Reached skill level 10 in Axes
 42579 | Elf:3    | Noticed Aizul
 42589 | Elf:3    | Identified the +2 robe of Demmaevo {-Tele rF+ Will++
                  | Regen+}
 42677 | Elf:3    | Killed Aizul
 42677 | Elf:3    | Received a gift from Trog
 42678 | Elf:3    | Got a transparent great mace {god gift}
 42691 | Elf:3    | Identified the +3 great mace of the Shining Light {vorpal,
                  | +Fly rPois} (Trog gifted it to you on level 3 of the Elven
                  | Halls)
 42772 | Elf:3    | Identified the +5 trident "Huthuq" {freeze, *Contam +Inv
                  | rElec Str+7}
 42811 | Elf:3    | Noticed a Brimstone Fiend
 43687 | Spider:1 | Entered Level 1 of the Spider Nest
 43714 | Spider:1 | Reached skill level 1 in Polearms
 43981 | Spider:1 | Received a gift from Trog
 43982 | Spider:1 | Got a faintly glowing mace {god gift}
 43985 | Spider:1 | Identified the +7 mace of Anger {flame, *Slow +Rage rElec
                  | Dex-2} (Trog gifted it to you on level 1 of the Spider
                  | Nest)
 44249 | Spider:1 | Found a transporter.
 44262 | Spider:1 | Found a transporter.
 44615 | Spider:1 | Reached skill level 5 in Polearms
 45257 | Spider:2 | Reached XP level 19. HP: 170/177 MP: 18/18
 45848 | Spider:2 | Found a runed translucent door.
 47127 | Spider:4 | Entered Level 4 of the Spider Nest
 47170 | Spider:4 | Noticed Kirke
 47186 | Spider:4 | Killed Kirke
 47292 | Spider:4 | Received a gift from Trog
 47494 | Spider:4 | Noticed Louise
 47713 | Spider:4 | Killed Louise
 48289 | Spider:4 | Noticed Nikola
 48343 | Spider:4 | Killed Nikola
 48625 | Spider:4 | Reached skill level 10 in Polearms
 48999 | Spider:4 | Got a gossamer rune of Zot
 49461 | D:13     | Received a gift from Trog
 49499 | Vaults:1 | Entered Level 1 of the Vaults
 50375 | Vaults:1 | Received a gift from Trog
 50774 | Vaults:1 | Reached XP level 20. HP: 187/189 MP: 19/19
 50896 | Vaults:1 | Identified a scroll of acquirement
 50897 | Vaults:1 | Acquired a manual of Maces & Flails
 50952 | Vaults:1 | You are sucked into a shaft and drop 1 floor!
 51058 | Vaults:2 | Noticed Xtahua
 51389 | Vaults:2 | Killed Xtahua
 51630 | Vaults:2 | Received a gift from Trog
 52686 | Vaults:2 | Noticed Margery
 53486 | Vaults:2 | Received a gift from Trog
 53680 | Vaults:2 | Killed Margery
 54541 | Vaults:3 | Found Luwa's Antique Weapon Shop.
 54550 | Vaults:3 | Bought a faintly glowing hunting sling for 156 gold pieces
 54551 | Vaults:3 | Identified the +10 hunting sling of Exhibitionism {venom,
                  | Stlth+} (You bought it in a shop on level 3 of the Vaults)
 54719 | Vaults:3 | Found a staircase to the Crypt.
 54859 | Vaults:3 | Noticed Boris
 54876 | Vaults:3 | Killed Boris
 55095 | Vaults:3 | Reached XP level 21. HP: 200/200 MP: 20/20
 55109 | Vaults:3 | Received a gift from Trog
 55534 | Vaults:3 | Acquired 773 gold pieces
 56470 | Vaults:4 | Noticed Boris
 56505 | Vaults:4 | Killed Boris
 56589 | Vaults:4 | Found a large runed translucent door.
 56589 | Vaults:4 | Found a large runed translucent door.
 56590 | Vaults:4 | Found a large runed translucent door.
 56590 | Vaults:4 | Noticed Tang's ghost (master DsGl)
 56591 | Vaults:4 | Found a large runed translucent door.
 56591 | Vaults:4 | Found a large runed translucent door.
 56592 | Vaults:4 | Found a large runed translucent door.
 56592 | Vaults:4 | Found a large runed translucent door.
 56595 | Vaults:4 | Found a large runed translucent door.
 56931 | Crypt:1  | Entered Level 1 of the Crypt
 57045 | Vaults:4 | Received a gift from Trog
 57068 | Vaults:4 | Got an iridescent rapier
 57069 | Vaults:4 | Identified the +6 rapier of Cheese {vorpal, rElec Str+3
                  | SInv} (You found it on level 4 of the Vaults)
 57138 | Vaults:4 | Found Vist's Armour Shop.
 59018 | Shoals:4 | Killed Paulthewizard's ghost
 59396 | Spider:2 | Received a gift from Trog
 59973 | Elf:2    | Reached XP level 22. HP: 208/213 MP: 21/21
 60510 | Elf:3    | Identified Kerr's Rites and Rhymes Continued
 60529 | Elf:3    | Identified the Almanac of Envenoming and the Rocks
 60599 | Elf:3    | Identified the +1 chain mail of the Armadillo {Str+3}
 60606 | Elf:3    | Received a gift from Trog
 60673 | Elf:3    | Got a glittering ivory ring
 60718 | Elf:3    | Identified the ring "Meunkos" {Fire Dex+3} (You found it on
                  | level 3 of the Elven Halls)
 61016 | Vaults:5 | Entered Level 5 of the Vaults
 61607 | Vaults:5 | Noticed a golden dragon
 61752 | Vaults:5 | Noticed a golden dragon
 61761 | Vaults:4 | Killed a golden dragon
 62250 | Vaults:5 | Noticed a golden dragon
 62255 | Vaults:5 | Killed a golden dragon
 62485 | Vaults:5 | Identified the +10 halberd "Fonaerit" {freeze, Stlth+}
 62508 | Vaults:4 | Killed a golden dragon
 62654 | Vaults:5 | Noticed an ancient lich
 63117 | Vaults:5 | Killed an ancient lich
 63400 | Vaults:5 | Noticed an ancient lich
 63424 | Vaults:4 | HP: 9/295 [sphinx (6)]
 63429 | Vaults:4 | HP: 6/295 [titan/the air (3)]
 63430 | Vaults:4 | Killed an ancient lich
 63431 | Vaults:4 | Reached XP level 23. HP: 7/218 MP: 22/22
 63431 | Vaults:4 | Slain by a quicksilver dragon

Illustrated notes

Levels and vault maps discovered:
D:1:      nzn_arrival_settlement, layout_basic
D:2:      layout_loops_corners
D:3:      layout_basic, general_overflow_altar, lemuel_crystal_altar,
          yredelemnul_altar_generic, grunt_temple_overflow_open,
          chequers_mini_garden, minivault_14, uniq_robin
D:4:      layout_basic, zin_academy, minmay_temple_entry_drinking_statues,
          st_stairs_13
D:5:      layout_layer_cave, nzn_hepliaklqana_mist_gate, kennysheep_little_box,
          nicolae_ru_sacrificial_ziggurat
D:6:      layout_basic, grunt_qazlal_clouds, uniq_sigmund, uniq_blork_the_orc
D:7:      layout_rooms, serial_shops, shop, uniq_pikel
D:8:      layout_gridville, fedhas_altar_2, kennysheep_generic_room_2
D:9:      layout_loops_corners, due_lair_maze_entry_diamond, serial_shops,
          nicolae_shop_competitors_out_of_business
D:10:     layout_basic, minmay_microvault
D:11:     cheibrodos_breeding_chamber, layout_loops_corners, serial_shops,
          kennysheep_mini, gauntlet_entry_generic, uniq_harold
D:12:     layout_layer_cave, erik_orc_4, uniq_azrael
D:13:     layout_roguey, david_vaults_5, xom_teletrap_fun
D:14:     layout_cave_pods, hangedman_abyss_or_decor_stagger
D:15:     hangedman_depths_entry_try_elsewhere_first, layout_rooms, serial_ice,
          serial_ice_a, serial_ice_m, serial_ice_k, serial_ice_o, serial_ice_n,
          portal_ice_cave_entry_pillars_1, wad_floor_pattern_untrapped
Lair:1:   layout_small_grid, lemuel_fruit_fields, grunt_megastairs_1
Lair:2:   layout_hall_layers, spider_nest_entry_funnel_web,
          chequers_serial_rivers_micro_a, st_stairs_3, gammafunk_lair_bear_cave
Lair:3:   layout_hall_layers, shoals_dummy_entry, st_stairs_12,
          minmay_lair_oklob_chamber, grunt_megastairs_5
Lair:4:   layout_concentric_octagons, infiniplex_staircase_pool_2,
          lemuel_fruit_tree, grunt_megastairs_3, lemuel_fruit_fields,
          lemuel_fruit_fields, serial_bayou_shore_a, serial_bayou_shore_b,
          serial_bayou_shore_b, serial_bayou_shore_b
Lair:5:   layout_gridlike, nicolae_slime_entry_slimehenge
Lair:6:   gammafunk_lair_ancient_temple, layout_regular_city, disabler_island,
          uniq_nessos
Shoals:1: layout_shoals, serial_shops, shop
Shoals:2: layout_shoals, nicolae_shoals_seven_spires, uniq_ilsuiw,
          uniq_polyphemus, uniq_donald
Shoals:3: layout_shoals, yaktaur_hedge
Shoals:4: shoals_end_hangedman, layout_shoals, serial_shops,
          nicolae_shop_waterfront, ebering_ghost_gozag
Spider:1: gammafunk_sealed_arena, drop_trap, minmay_another_anthill
Spider:2: cheibrodos_spider_deadly_dance, drop_trap, nicolae_spider_cling_halls
Spider:3: layout_spider_delve, nicolae_spider_circle_web, drop_trap,
          nicolae_spider_cling_ruins
Spider:4: grunt_spider_rune_island, nicolae_spider_stair_cavern, uniq_louise,
          uniq_kirke, uniq_nikola
Orc:1:    layout_diamond_mine, basic_altar, nicolae_orc_rich_vein
Orc:2:    st_orc_open, layout_diamond_mine, uniq_rupert
Elf:1:    minmay_guarded_unrand_folly, layout_rooms, minmay_elf_crystal_hexagon
Elf:2:    layout_geoelf_grid, serial_shops, shop, uniq_asterion
Elf:3:    elf_hall_gauntlet_wide, layout_geoelf_grid, uniq_mara, uniq_aizul
Vaults:1: serial_ice_m, hangedman_vaults_nodes, nicolae_vaults_angled_halls,
          v_misc_5, vaults_room_corners, v_pattern_1, v_misc_30,
          layout_vaults_quadrants
Vaults:2: v_misc_10, hangedman_vaults_stream, vaults_room_guarded_vault,
          ontoclasm_vaults_hangar, vaults_room_fours, hangedman_vaults_capsules,
          nicolae_vaults_network_star, grunt_vaults_bifocal,
          nicolae_vaults_little_squares_4, ontoclasm_vaults_eye,
          layout_vaults_omnicross, uniq_xtahua, uniq_margery
Vaults:3: v_misc_19, st_star, hangedman_vaults_pinch, vaults_room_boxed,
          v_misc_8, nicolae_vaults_ninety_degrees, vaults_dpeg_diagonal,
          nicolae_vaults_little_squares_2, layout_vaults_chaotic_city,
          serial_shops, shop, uniq_boris
Vaults:4: advil_vaults_ghost_lines, v_misc_24, vaults_mumra_chevron,
          nicolae_vaults_twisting_passages, vaults_mumra_minichess,
          hangedman_vaults_river_flow, vaults_dpeg_ring, v_pattern_3,
          nicolae_vaults_circle_grid_b, nicolae_vaults_what_the_h,
          ontoclasm_vaults_twist, nicolae_vaults_yaktaur_gun_rack,
          v_alt_pattern_1, vaults_room_stairs_pillars, layout_vaults_omnibox,
          serial_shops, shop
Vaults:5: serial_shops
Crypt:1:  layout_gridlike, special_room [special_room_morgue],
          minmay_guarded_unrand_vampires_tooth, grunt_crypt_arrival_webbed,
          uniq_bai_suzhen

Skill      XL: |  1  2  3  4  5  6  7  8  9 10 11 12 13 14 15 16 17 18 19 20 21 22 |
---------------+-------------------------------------------------------------------+-----
Axes           | 4 5 11 | 11.0
Maces & Flails | 1 3 5 7 10 11 13 14 15 17 19 21 | 21.2
Fighting       | 6 9 11 13 14 15 16 17 18 19 21 | 21.0
Armour         | 5 8 11 13 14 15 16 18 19 21 | 21.0
Shields        | 11 16 17 | 17.2
Dodging        | 8 11 12 14 | 14.9
Evocations     | 3 7 11 13 | 13.5
Slings         | 8 10 | 10.0
Polearms       | 5 11 12 | 12.4

Action                   |  1- 3 |  4- 6 |  7- 9 | 10-12 | 13-15 | 16-18 | 19-21 | 22-24 || total
-------------------------+-------+-------+-------+-------+-------+-------+-------+-------++-------
Melee: Hand axe          |    70 |       |       |       |       |       |       |       ||    70
       Headbutt          |     9 |    20 |    40 |    99 |   262 |   336 |   480 |   109 ||  1355
       Whip              |    19 |   108 |   286 |    74 |       |       |       |       ||   487
       Dire flail        |       |       |     4 |    83 |       |       |       |       ||    87
       Morningstar       |       |       |       |   223 |  1012 |   771 |    98 |       ||  2104
       Broad axe         |       |       |       |       |     7 |   184 |       |       ||   191
       Demon trident     |       |       |       |       |       |   239 |  1480 |    31 ||  1750
       Eveningstar       |       |       |       |       |       |       |   116 |   363 ||   479
 Fire: Hunting sling     |    11 |    41 |   101 |   122 |   185 |   607 |   193 |     2 ||  1262
Throw: Javelin           |       |       |       |     8 |     3 |    10 |    14 |     2 ||    37
       Dart              |       |       |       |       |    49 |    39 |    85 |       ||   173
Invok: Berserk           |     1 |     4 |     3 |    11 |     9 |    19 |     4 |     5 ||    56
       Trog's Hand       |       |       |       |       |     1 |    13 |    11 |     9 ||    34
       Brothers in Arms  |       |       |       |       |       |     1 |     1 |     2 ||     4
 Abil: Stop Flying       |       |       |       |     1 |     4 |     6 |     1 |     1 ||    13
       Evoke Flight      |       |       |       |       |     4 |     6 |     2 |       ||    12
       Evoke Blink       |       |       |       |       |       |     1 |       |       ||     1
Evoke: Condenser vane    |       |       |       |       |       |     3 |     2 |     1 ||     6
       Wand              |       |       |       |       |       |     1 |    13 |     2 ||    16
       Phantom mirror    |       |       |       |       |       |     1 |     1 |     1 ||     3
       Tin of tremorston |       |       |       |       |       |     4 |     3 |       ||     7
  Use: Scroll            |       |     5 |     7 |    14 |    15 |    11 |    17 |     8 ||    77
       Potion            |       |       |       |     2 |       |    13 |     2 |     7 ||    24
 Stab: Invisible         |       |       |       |     2 |       |       |       |       ||     2
       Petrified         |       |       |       |       |       |    10 |       |       ||    10
       Distracted        |       |       |       |       |       |     2 |       |       ||     2
       Held in net/web   |       |       |       |       |       |       |     2 |       ||     2
       Betrayed ally     |       |       |       |       |       |       |     1 |       ||     1
Armor: Animal skin       |    23 |     1 |       |       |       |       |       |       ||    24
       Leather armour    |       |    13 |       |       |       |       |       |       ||    13
       Ring mail         |       |       |    67 |    38 |       |       |       |       ||   105
       Chain mail        |       |       |       |    84 |   284 |    11 |       |       ||   379
       Plate armour      |       |       |       |       |       |   471 |   466 |   134 ||  1071
       Gold dragon scale |       |       |       |       |       |       |       |   265 ||   265
Dodge: Dodged            |    55 |    59 |    92 |    95 |   191 |   371 |   449 |   242 ||  1554
Block: Tower shield      |       |       |       |    69 |   851 |   723 |       |       ||  1643
       Kite shield       |       |       |       |       |       |   358 |  1249 |   607 ||  2214
       Reflection        |       |       |       |       |       |       |    75 |    14 ||    89
